| TOP OF THE 1ST |
|
Brockton Rox batting - Pitching for Trois-Riveres Aigles : RHP Nae-wi Choe
|
|
Pitching: RHP Nae-wi Choe
|
|
|
Batting: LHB Eric Gaugler
|
0-0: Fly out, F4 (Popup, 34, EV 60.6 MPH)
|
|
Batting: RHB Jose Blocker
|
0-0: Ball 1-0: Swinging Strike 1-1: Foul Ball, location: 2F 1-2: Strikes out looking
|
|
Batting: RHB Bob Reichley
|
0-0: Called Strike 0-1: Ball 1-1: Ball 2-1: Swinging Strike 2-2: Strikes out swinging passed ball, reaches first!
|
|
Batting: RHB Luis Nino
|
0-0: Ball 1-0: Fly out, F8 (Flyball, 8LXD, EV 87.5 MPH)
|
| Top of the 1st over - 0 runs, 0 hits, 0 errors, 1 left on base; Brockton 0 - Trois-Riveres 0 |
| BOTTOM OF THE 1ST |
|
Trois-Riveres Aigles batting - Pitching for Brockton Rox : RHP Wayne Whimster
|
|
Pitching: RHP Wayne Whimster
|
|
|
Batting: RHB Luis Jara
|
0-0: Foul Ball, location: 2F 0-1: Ball 1-1: Swinging Strike 1-2: Ball 2-2: Ball 3-2: Base on Balls
|
|
Batting: RHB Micah Logan
|
0-0: Called Strike 0-1: Ball Luis Jara is caught stealing 2nd base 2-4 1-1: Fly out, F4 (Popup, 4MS, EV 80.0 MPH)
|
|
Batting: SHB Derek Weaver
|
0-0: Ball 1-0: Ball 2-0: Ball 3-0: Called Strike 3-1: Swinging Strike 3-2: Strikes out looking
|
| Bottom of the 1st over - 0 runs, 0 hits, 0 errors, 0 left on base; Brockton 0 - Trois-Riveres 0 |
| TOP OF THE 2ND |
|
Brockton Rox batting - Pitching for Trois-Riveres Aigles : RHP Nae-wi Choe
|
|
Batting: SHB Mel Gonzalez
|
0-0: Ball 1-0: Called Strike 1-1: Foul Ball, location: 2F 1-2: Ball 2-2: Fly out, F8 (Flyball, 78M, EV 90.6 MPH)
|
|
Batting: RHB Joe Lewis
|
0-0: Fly out, F8 (Flyball, 8RD, EV 99.4 MPH)
|
|
Batting: RHB Panam Palmer
|
0-0: Ball 1-0: Called Strike 1-1: Fly out, F7 (Flyball, 7S, EV 93.1 MPH)
|
| Top of the 2nd over - 0 runs, 0 hits, 0 errors, 0 left on base; Brockton 0 - Trois-Riveres 0 |
| BOTTOM OF THE 2ND |
|
Trois-Riveres Aigles batting - Pitching for Brockton Rox : RHP Wayne Whimster
|
|
Batting: RHB Sandoval Serzedelo
|
0-0: Ball 1-0: SINGLE (Flyball, 7, EV 91.9 MPH)
|
|
Batting: RHB Toshikatsu Omori
|
0-0: Ground out 5-3 (Groundball, 5S, EV 68.8 MPH) Sandoval Serzedelo to second
|
|
Batting: RHB Tony Bonilla
|
0-0: Called Strike 0-1: Ball 1-1: Swinging Strike 1-2: Strikes out looking
|
|
Batting: RHB Willie Acevedo
|
0-0: Foul Ball, location: 2F 0-1: Called Strike 0-2: Ball 1-2: Ground out 6-3 (Groundball, 56, EV 107.5 MPH)
|
| Bottom of the 2nd over - 0 runs, 1 hit, 0 errors, 1 left on base; Brockton 0 - Trois-Riveres 0 |
| TOP OF THE 3RD |
|
Brockton Rox batting - Pitching for Trois-Riveres Aigles : RHP Nae-wi Choe
|
|
Batting: RHB Wayne Whimster
|
0-0: Foul Ball, location: 2F 0-1: Swinging Strike 0-2: Ball 1-2: Strikes out swinging
|
|
Batting: LHB Darby Starburster
|
0-0: Called Strike 0-1: Foul Ball, location: 2F 0-2: Ball 1-2: Strikes out swinging
|
|
Batting: LHB Eric Gaugler
|
0-0: Ball 1-0: Ground out 4-3 (Groundball, 4, EV 108.1 MPH)
|
| Top of the 3rd over - 0 runs, 0 hits, 0 errors, 0 left on base; Brockton 0 - Trois-Riveres 0 |
| BOTTOM OF THE 3RD |
|
Trois-Riveres Aigles batting - Pitching for Brockton Rox : RHP Wayne Whimster
|
|
Batting: RHB Danny Mota
|
0-0: Ball 1-0: Called Strike 1-1: SINGLE (Groundball, 6MD, EV 103.8 MPH)
|
|
Batting: RHB Ben Saxton
|
0-0: Called Strike 0-1: Foul Ball, location: 2F 0-2: Foul Ball, location: 2F 0-2: DOUBLE (Line Drive, 7LM, EV 112.5 MPH) Danny Mota to third
|
|
Batting: RHB Luis Jara
|
0-0: Foul Ball, location: 2F 0-1: Fly out, F6 (Popup, 6M, EV 75.6 MPH)
|
|
Batting: RHB Micah Logan
|
0-0: Foul Ball, location: 2F 0-1: Ground out 1-3 (Groundball, 13S, EV 58.8 MPH)
|
|
Batting: SHB Derek Weaver
|
0-0: Called Strike 0-1: SINGLE (Groundball, 34D, EV 101.2 MPH) Danny Mota scores Ben Saxton to third Runner from 3rd tries for Home, throw by RF and OUT! 9-2
|
| Bottom of the 3rd over - 1 run, 3 hits, 0 errors, 1 left on base; Brockton 0 - Trois-Riveres 1 |
| TOP OF THE 4TH |
|
Brockton Rox batting - Pitching for Trois-Riveres Aigles : RHP Nae-wi Choe
|
|
Batting: RHB Jose Blocker
|
0-0: Ground out 6-3 (Groundball, 56D, EV 90.0 MPH)
|
|
Batting: RHB Bob Reichley
|
0-0: Called Strike 0-1: Fly out, F9 (Flyball, 9S, EV 85.0 MPH)
|
|
Batting: RHB Luis Nino
|
0-0: Called Strike 0-1: Ball 1-1: Swinging Strike 1-2: Ball 2-2: SOLO HOME RUN (Flyball, 78XD, EV 107.5 MPH), Distance : 439 ft
|
|
Batting: SHB Mel Gonzalez
|
0-0: Ground out 4-3 (Groundball, 4, EV 104.4 MPH)
|
| Top of the 4th over - 1 run, 1 hit, 0 errors, 0 left on base; Brockton 1 - Trois-Riveres 1 |
| BOTTOM OF THE 4TH |
|
Trois-Riveres Aigles batting - Pitching for Brockton Rox : RHP Wayne Whimster
|
|
Batting: RHB Sandoval Serzedelo
|
0-0: Fly out, F4 (Popup, 4, EV 73.1 MPH)
|
|
Batting: RHB Toshikatsu Omori
|
0-0: Fly out, F8 (Flyball, 8RS, EV 88.8 MPH)
|
|
Batting: RHB Tony Bonilla
|
0-0: Swinging Strike 0-1: Called Strike 0-2: Foul Ball, location: 2F 0-2: Strikes out swinging
|
| Bottom of the 4th over - 0 runs, 0 hits, 0 errors, 0 left on base; Brockton 1 - Trois-Riveres 1 |
| TOP OF THE 5TH |
|
Brockton Rox batting - Pitching for Trois-Riveres Aigles : RHP Nae-wi Choe
|
|
Batting: RHB Joe Lewis
|
0-0: Ball 1-0: Swinging Strike 1-1: Foul Ball, location: 2F 1-2: Strikes out swinging
|
|
Batting: RHB Panam Palmer
|
0-0: Called Strike 0-1: Foul Ball, location: 2F 0-2: Ball 1-2: Strikes out swinging
|
|
Batting: RHB Wayne Whimster
|
0-0: Called Strike 0-1: Swinging Strike 0-2: Strikes out swinging
|
| Top of the 5th over - 0 runs, 0 hits, 0 errors, 0 left on base; Brockton 1 - Trois-Riveres 1 |
| BOTTOM OF THE 5TH |
|
Trois-Riveres Aigles batting - Pitching for Brockton Rox : RHP Wayne Whimster
|
|
Batting: RHB Willie Acevedo
|
0-0: Swinging Strike 0-1: Ball 1-1: Foul Ball, location: 2F 1-2: Ball 2-2: Foul Ball, location: 2F 2-2: Fly out, F7 (Flyball, 7D, EV 91.9 MPH)
|
|
Batting: RHB Danny Mota
|
0-0: Fly out, F8 (Line Drive, 89D, EV 93.1 MPH)
|
|
Batting: RHB Ben Saxton
|
0-0: Swinging Strike 0-1: SINGLE (Line Drive, 8RS, EV 105.6 MPH)
|
|
Batting: RHB Luis Jara
|
0-0: Swinging Strike 0-1: Ball 1-1: Swinging Strike 1-2: Strikes out looking
|
| Bottom of the 5th over - 0 runs, 1 hit, 0 errors, 1 left on base; Brockton 1 - Trois-Riveres 1 |
| TOP OF THE 6TH |
|
Brockton Rox batting - Pitching for Trois-Riveres Aigles : RHP Nae-wi Choe
|
|
Batting: LHB Darby Starburster
|
0-0: Ball 1-0: Ball 2-0: Ball 3-0: Base on Balls
|
|
Batting: LHB Eric Gaugler
|
0-0: Ball 1-0: Foul Ball, location: 2F 1-1: Ball 2-1: Foul Ball, location: 2F 2-2: Foul Ball, location: 2F 2-2: Grounds into double play, 4-6-3 (Groundball, 4, EV 85.0 MPH)
|
|
Batting: RHB Jose Blocker
|
0-0: Swinging Strike 0-1: Foul Ball, location: 2F 0-2: Strikes out looking
|
| Top of the 6th over - 0 runs, 0 hits, 0 errors, 0 left on base; Brockton 1 - Trois-Riveres 1 |
| BOTTOM OF THE 6TH |
|
Trois-Riveres Aigles batting - Pitching for Brockton Rox : RHP Wayne Whimster
|
|
Batting: RHB Micah Logan
|
0-0: Called Strike 0-1: Ball 1-1: Swinging Strike 1-2: Ball 2-2: Strikes out swinging
|
|
Batting: SHB Derek Weaver
|
0-0: Called Strike 0-1: Ball 1-1: Swinging Strike 1-2: Foul Ball, location: 2F 1-2: Ball 2-2: Strikes out swinging
|
|
Batting: RHB Sandoval Serzedelo
|
0-0: Swinging Strike 0-1: Swinging Strike 0-2: Ball 1-2: Foul Ball, location: 2F 1-2: SINGLE (Line Drive, 9S, EV 100.6 MPH)
|
|
Batting: RHB Toshikatsu Omori
|
0-0: Reached on error, E6 (Groundball, 6MD, EV 76.9 MPH) Sandoval Serzedelo to second
|
|
Batting: RHB Tony Bonilla
|
0-0: Fielders Choice at 2nd, 6-4 (Groundball, 6, EV 85.0 MPH)
|
| Bottom of the 6th over - 0 runs, 1 hit, 1 error, 2 left on base; Brockton 1 - Trois-Riveres 1 |
| TOP OF THE 7TH |
|
Brockton Rox batting - Pitching for Trois-Riveres Aigles : RHP Nae-wi Choe
|
|
Batting: RHB Bob Reichley
|
0-0: SINGLE (Flyball, 78S, EV 84.4 MPH)
|
|
Batting: RHB Luis Nino
|
0-0: Ball 1-0: Ball 2-0: Called Strike 2-1: Ball 3-1: Called Strike 3-2: Foul Ball, location: 2F 3-2: Fly out, F7 (Flyball, 7LD, EV 96.9 MPH)
|
|
Batting: SHB Mel Gonzalez
|
0-0: Called Strike 0-1: Ball 1-1: Called Strike 1-2: Ball 2-2: Foul Ball, location: 2F 2-2: Strikes out swinging
|
|
Batting: RHB Joe Lewis
|
0-0: Called Strike 0-1: Fielders Choice at 2nd, 6-4 (Groundball, 6, EV 105.0 MPH)
|
| Top of the 7th over - 0 runs, 1 hit, 0 errors, 1 left on base; Brockton 1 - Trois-Riveres 1 |
| BOTTOM OF THE 7TH |
|
Trois-Riveres Aigles batting - Pitching for Brockton Rox : RHP Wayne Whimster
|
|
Batting: RHB Willie Acevedo
|
0-0: Ball 1-0: Ball 2-0: Fly out, F8 (Flyball, 78M, EV 91.2 MPH)
|
|
Batting: RHB Danny Mota
|
0-0: Swinging Strike 0-1: Ground out 4-3 (Groundball, 4, EV 107.5 MPH)
|
|
Batting: RHB Ben Saxton
|
0-0: Ball 1-0: Ball 2-0: Ball 3-0: Called Strike 3-1: Called Strike 3-2: Base on Balls
|
|
Batting: RHB Luis Jara
|
0-0: Ball 1-0: Bunt for hit to 2L - play at first, batter OUT! 2-3
|
| Bottom of the 7th over - 0 runs, 0 hits, 0 errors, 0 left on base; Brockton 1 - Trois-Riveres 1 |
|